 Dungeon Crawl Stone Soup version 0.21.1-1-g345015f (webtiles) character file.

144 Firecrotchwizard the Insei (level 5, -5/28 HPs)
             Began as a Vine Stalker Monk on Apr 8, 2018.
             Killed by divine providence
             ... invoked by an orc priest
              (14 damage)
             ... on level 3 of the Dungeon.
             The game lasted 00:04:33 (2212 turns).

Firecrotchwizard the Insei (Vine Stalker Monk)      Turns: 2212, Time: 00:04:34

Health: -5/28      AC:  9    Str: 14    XL:     5   Next: 26%
Magic:  0/6        EV: 13    Int: 10    God:
Gold:   128        SH:  0    Dex: 17    Spells: 4/4 levels left

rFire    + . .     SeeInvis +     - Unarmed
rCold    . . .     Gourm    .   (no shield)
rNeg     . . .     Faith    .   g - +2 leather armour {rF+}
rPois    .         Spirit   +   o - +1 helmet
rElec    .         Reflect  .   j - +0 cloak
rCorr    .         Harm     .   (no gloves)
MR       .....                  m - +0 pair of boots
Stlth    ++........             (no amulet)
HPRegen  0.49/turn              l - ring of see invisible {sInv, !d}
MPRegen  0.10/turn              (no ring)

@: no status effects
A: fangs 2, regeneration 1, magic shield, antimagic bite, no potion heal 3, rot
immunity
a: no special abilities


You were on level 3 of the Dungeon.
You were not hungry.

You visited 1 branch of the dungeon, and saw 3 of its levels.

You collected 128 gold pieces.

Inventory:

Hand Weapons
 p - a cursed -2 dagger
   (You found it on level 2 of the Dungeon)
Armour
 a - a +0 robe
 g - a +2 leather armour of fire resistance (worn)
   (You found it on level 1 of the Dungeon)
 i - a +0 helmet
   (You took it off Robin on level 2 of the Dungeon)
 j - a +0 cloak (worn)
   (You found it on level 2 of the Dungeon)
 m - a +0 pair of boots (worn)
   (You found it on level 2 of the Dungeon)
 o - a +1 helmet (worn)
   (You found it on level 2 of the Dungeon)
Jewellery
 k - an uncursed amulet of rage {+Rage, !d}
   (You found it on level 2 of the Dungeon)
 l - a ring of see invisible (left hand) {sInv, !d}
   (You found it on level 2 of the Dungeon)
 s - a +3 ring of intelligence {unknown}
   (You found it on level 3 of the Dungeon)
Scrolls
 c - 4 scrolls of identify
 h - a scroll of fog {unknown}
Potions
 e - a potion of curing {unknown}
 f - 2 potions of resistance {unknown}
 n - 3 potions of lignification {unknown}
 q - a potion of might {unknown}
 r - a potion of degeneration {unknown}
 t - a potion of berserk rage {unknown}
Comestibles
 b - 8 rations {@e1}
 d - 9 chunks of flesh {@w0}


   Skills:
 + Level 3.5 Fighting
 + Level 3.1 Dodging
 - Level 2.4 Stealth
 * Level 4.6 Unarmed Combat


You had 4 spell levels left.
You didn't know any spells.

Dungeon Overview and Level Annotations

Branches:
Dungeon (3/15)

Altars:
Ashenzari


Innate Abilities, Weirdness & Mutations

You have extremely sharp teeth.
Your natural rate of healing is unusually fast.
When hurt, damage is shared between your health and your magic reserves.
Your bite disrupts and absorbs the magic of your enemies.
Potions cannot restore your health.
You are immune to rotting.


Message History

a club; a hobgoblin corpse You butcher the hobgoblin corpse.
d - 8 chunks of flesh {@w0} (gained 4)
Things that are here:
a club; a hobgoblin skeleton
Things that are here:
a club; a hobgoblin skeleton
r - a bubbling emerald potion
Things that are here:
a club; a hobgoblin skeleton
c - 4 scrolls of identify (gained 1)
A bat comes into view.
A bat is nearby!
You see here a ration {@e1}.
The helpless bat fails to defend itself.
You hit the bat.
You kill the bat!
No target in view!
You butcher the bat corpse.
d - 9 chunks of flesh {@w0} (gained 1)
You see here a bat skeleton. x2
b - 8 rations {@e1} (gained 1)
You see here a bat skeleton.
A giant cockroach comes into view.
Found a shattered altar of Ashenzari.
A giant cockroach is nearby!
You closely miss the giant cockroach. You bite the giant cockroach.
You drain its power.
The giant cockroach bites you but does no damage.
You closely miss the giant cockroach.
You kill the giant cockroach!
No target in view!
You butcher the giant cockroach corpse.
d - 10 chunks of flesh {@w0} (gained 1) Some of the chunks of flesh in your inventory have rotted away.
s - a wooden ring No target in view!
No target in view!
t - a grey potion An orc and an orc priest come into view.
The orc priest moves out of view.
An orc is nearby!
The orc shouts!
The orc priest shouts!
You hear a shout!
The orc throws a stone.
The stone hits you but does no damage.
An orc comes into view. It is wielding a dagger.
The orc moves out of view.
The orc throws a stone.
The stone hits you but does no damage.
You see here a stone.
An orc comes into view. It is wielding a trident.
The orc shouts!
You hit the orc priest. Your punch misses the orc priest.
You bite the orc priest, but do no damage.
The orc priest hits you but does no damage.
You hit the orc priest. You bite the orc priest. You drain its power.
The orc priest barely misses you. The orc hits you but does no damage.
You closely miss the orc priest. The orc priest misses you.
You barely miss the orc priest. You punch the orc priest.
Your bite misses the orc priest. The orc barely misses you. The orc misses you.
You hit the orc priest but do no damage.
Your bite misses the orc priest. The orc closely misses you.
The orc throws a stone.
The stone misses you. The orc priest misses you.
You barely miss the orc priest.
You bite the orc priest, but do no damage.
The orc hits you but does no damage. The orc closely misses you.
The orc priest casts a cantrip, but nothing happens.
You hit the orc priest. You bite the orc priest. You drain its power.
The orc hits you with a dagger. The orc hits you but does no damage.
The orc priest calls down the wrath of Beogh upon you.
Beogh smites you! The orc closely misses you.
You take 9 damage, and have 19/28 hp.
MASSIVE DAMAGE!!
You now have 5/6 mp.
You hit the orc priest. You bite the orc priest. You drain its power.
You feel invigorated. The orc hits you with a dagger.
The orc priest barely misses you. The orc hits you but does no damage.
The orc barely misses you.
You take 3 damage, and have 16/28 hp.
You hit the orc priest but do no damage.
The orc closely misses you.
The orc priest hits you but does no damage.
You closely miss the orc priest. Your bite misses the orc priest.
The orc hits you with a club. The orc barely misses you.
The orc hits you with a dagger. The orc priest hits you.
You take 6 damage, and have 11/28 hp.
MASSIVE DAMAGE!!
You now have 3/6 mp.
You barely miss the orc priest.
You bite the orc priest, but do no damage.
The orc hits you but does no damage.
The orc hits you from afar with a trident.
The orc barely misses you.
You take 2 damage, and have 9/28 hp.
You now have 2/6 mp.
You closely miss the orc priest.
The orc priest looks satisfied for a moment.
The orc hits you but does no damage. x2; The orc barely misses you.
You barely miss the orc priest.
The orc priest invokes the aid of Beogh against you.
Beogh smites you!
Ouch! That really hurt!
You die...

#...# ....
#######...## #...
............ ....
.........(.. . #..#
............ .. #...
.......(.... ...
#.o# ............
♣..##oo#
#####.#..... ♣...o@#
#.#....# ♣♣♣♣..#
#.#....# ♣.(#
#.#....# ♣♣♣..#
#......# ♣....#
###...##
♣♣♣..###########...#
♣...##.........#.##
♣♣..##.#.##.##.#.#
♣..##.#.##......#..


You could see an orc priest and 3 orcs.

Vanquished Creatures
  Robin (D:2)
  7 adders
  A worm (D:2)
  2 leopard geckos
  5 giant cockroaches
  14 goblins
  5 hobgoblins
  3 jackals (D:2)
  5 kobolds
  3 quokkas
  A ball python (D:1)
  9 bats
  A frilled lizard (D:2)
  5 rats
62 creatures vanquished.

Notes
Turn   | Place    | Note
-------+----------+-------------------------------------------
     0 | D:1      | Firecrotchwizard the Vine Stalker Monk began the quest for the Orb.
     0 | D:1      | Reached XP level 1. HP: 11/11 MP: 2/2
   578 | D:1      | Reached XP level 2. HP: 16/16 MP: 3/3
   614 | D:1      | HP: 4/16 [giant cockroach (1)]
  1157 | D:2      | Reached skill level 3 in Fighting
  1157 | D:2      | Reached XP level 3. HP: 17/20 MP: 4/4
  1216 | D:2      | Noticed Robin
  1386 | D:2      | Killed Robin
  1386 | D:2      | Reached skill level 4 in Unarmed Combat
  1386 | D:2      | Gained mutation: Your natural rate of healing is unusually fast. [Vine Stalker growth]
  1386 | D:2      | Reached XP level 4. HP: 14/24 MP: 2/5
  1566 | D:2      | Reached skill level 3 in Dodging
  1842 | D:2      | Reached XP level 5. HP: 28/28 MP: 6/6
  2091 | D:3      | Found a shattered altar of Ashenzari.
  2212 | D:3      | Killed from afar by an orc priest

Skill      XL: |  1  2  3  4 |
---------------+-------------+-----
Fighting       | 3 |  3.5
Unarmed Combat | 4 |  4.6
Dodging        | 3 |  3.1
Stealth        | |  2.4

Action                   |  1- 3 |  4- 6 || total
-------------------------+-------+-------++-------
Melee: Unarmed           |   100 |   109 ||   209
       Bite              |    28 |    33 ||    61
       Punch             |       |     3 ||     3
  Use: Scroll            |       |     1 ||     1
 Stab: Sleeping          |     3 |     3 ||     6
  Eat: Chunk             |     1 |     3 ||     4
Armor: Robe              |     3 |       ||     3
       Leather armour    |    38 |    41 ||    79
Dodge: Dodged            |    64 |    73 ||   137

Vault maps used:
D:1:      lightli_arrival_maybe_door_vault, minivault_24
D:2:      uniq_robin
D:3:      chequers_ecumenical_altar_grove, minivault_24, ashenzari_altar_1

Table legend:
 A = Turns spent in this place as a percentage of turns spent in the entire game.
 B = Non-inter-level travel turns spent in this place as a percentage of non-inter-level travel turns spent in the entire game.
 C = Inter-level travel turns spent in this place as a percentage of turns spent in this place.
 D = Turns resting spent in this place as a percentage of non-inter-level travel turns spent in this place.
 E = Turns spent auto-exploring this place as a percentage of non-inter-level travel turns spent in this place.
 F = Non-inter-level travel turns spent in this place divided by the number of levels of this place that you've seen.
                   A       B       C       D       E      F
               +-------+-------+-------+-------+-------+----------------------
         Total | 100.0 | 100.0 |   2.0 |  26.3 |  49.4 | 722.7
       Dungeon | 100.0 | 100.0 |   2.0 |  26.3 |  49.4 | 722.7
               +-------+-------+-------+-------+-------+----------------------

Table legend:
 A = Kills in this place as a percentage of kills in entire the game.
 B = Kills by you in this place as a percentage of kills by you in the entire game.
 C = Kills by friends in this place as a percentage of kills by friends in the entire game.
 D = Other kills in this place as a percentage of other kills in the entire game.
 E = Experience gained in this place as a percentage of experience gained in the entire game.
 F = Experience gained in this place divided by the number of levels of this place that you have seen.
                   A       B       C       D       E      F
               +-------+-------+-------+-------+-------+----------------------
         Total | 100.0 | 100.0 |   N/A |   N/A | 100.0 |  68.7
       Dungeon | 100.0 | 100.0 |   N/A |   N/A | 100.0 |  68.7
               +-------+-------+-------+-------+-------+----------------------
